 Dungeon Crawl Stone Soup version 0.29.1-1-gd02db6906a (webtiles) character file.

Game seed: 8802816781668980575

9 Ashen the Chiller (level 2, 20/20 HPs)
             Began as a Demonspawn Ice Elementalist on Oct 3, 2022.
             Got out of the dungeon alive.
             The game lasted 00:00:54 (529 turns).

Ashen the Chiller (Demonspawn Ice Elementalist)      Turns: 529, Time: 00:00:54

Health: 20/20      AC:  3    Str:  8    XL:     2   Next: 6%
Magic:  5/5        EV: 12    Int: 16    God:
Gold:   54         SH:  0    Dex: 13    Spells: 4/5 levels left

rFire   x . .      SeeInvis .   f - +0 spear
rCold   + . .      Faith    .   (no shield)
rNeg    . . .      Spirit   .   a - +0 robe
rPois   .          Reflect  .   (no helmet)
rElec   .          Harm     .   (no cloak)
rCorr   .          Rampage  .   (no gloves)
Will    .....                   (no boots)
Stlth   ++........              (no amulet)
HPRegen 0.06/turn               d - ring of ice
MPRegen 0.09/turn               (no ring)

@: no status effects
A: sharp scales 1
a: no special abilities


You escaped.
You visited 1 branch of the dungeon, and saw 1 of its levels.

You collected 54 gold pieces.

Inventory:

Hand Weapons
 f - a +0 spear (weapon)
Armour
 a - a +0 robe (worn)
Jewellery
 d - a ring of ice (left hand)
Scrolls
 e - a scroll of brand weapon {unknown}
 j - a scroll of poison {unknown}
Potions
 b - a potion of magic
 c - a potion of attraction {unknown}
 g - a potion of brilliance {unknown}
 h - 2 potions of ambrosia {unknown}
 i - a potion of might {unknown}
 k - a potion of curing {unknown}


   Skills:
 + Level 0.4 Fighting
 + Level 1.9 Dodging
 + Level 1.9 Stealth
 * Level 2.2 Spellcasting
 * Level 3.7 Ice Magic


You had 4 spell levels left.
You knew the following spells:

 Your Spells              Type           Power      Damage    Failure   Level
a - Freeze                Ice            80%        1d9       4%          1

Your spell library contained the following spells:

 Spells                   Type           Power      Damage    Failure   Level
 Frozen Ramparts          Ice            40%        1d7       13%         3
 Ozocubu's Armour         Ice            20%        N/A       13%         3
 Hailstorm                Conj/Ice       11%        3d5       67%         4


Dungeon Overview and Level Annotations

Branches:
Dungeon (1/15)

Altars:

Shops:
D:1 *


Innate Abilities, Weirdness & Mutations

You are partially covered in razor-sharp scales. (AC +1, Slay +1)


Message History

You see here 4 curare-tipped darts.
A goblin comes into view. It is wielding a +0 dagger.
Found 3 curare-tipped darts.
Found three items.
A hobgoblin comes into view.
A ball python comes into view.
You reach to attack!
The helpless goblin fails to defend itself.
You hit the goblin.
You kill the goblin!
The ball python hisses angrily.
The hobgoblin shouts!
You hit the ball python.
You kill the ball python!
You have reached level 2!
Your demonic ancestry asserts itself...
Sharp scales grow over part of your body.
You hit the hobgoblin.
The hobgoblin is severely wounded.
The hobgoblin hits you but does no damage.
You barely miss the hobgoblin.
The hobgoblin is severely wounded.
The hobgoblin hits you.
You hit the hobgoblin.
You kill the hobgoblin!
You now have 22 gold pieces (gained 6).
j - a scroll labelled SIELIO ACETZ
k - a fuming silvery potion You now have 39 gold pieces (gained 17).
Found a stone staircase leading down.
You now have 54 gold pieces (gained 15).
Found a ring mail.
You open the door.
Found Nyckybucs's Assorted Antiques.
There is an open door here.
There is an entrance to Nyckybucs's Assorted Antiques here.
There is an open door here.
There is an open door here.
There is a staircase leading out of the dungeon here.
Are you sure you want to leave the Dungeon?
This will make you lose the game!
You have escaped!

### #. ##### ##.
##8.8### #..
#......# #.#
#......# ##..
##..8...# ###..#
#8......#####....#
#@......'......###
#8......########
##..8...# #......#
#......# ##8.8###
#####


There were no monsters in sight!

Vanquished Creatures
  A ball python (D:1)
  A bat (D:1)
  An endoplasm (D:1)
  A goblin (D:1)
  A hobgoblin (D:1)
  A quokka (D:1)
  A frilled lizard (D:1)
  A rat (D:1)
8 creatures vanquished.

Notes
Turn   | Place    | Note
-------+----------+-------------------------------------------
     0 | D:1      | Ashen the Demonspawn Ice Elementalist began the quest for
                  | the Orb.
     0 | D:1      | Reached XP level 1. HP: 13/13 MP: 3/3
   358 | D:1      | Gained mutation: You are partially covered in razor-sharp
                  | scales. (AC +1, Slay +1) [demonic ancestry]
   358 | D:1      | Reached XP level 2. HP: 20/20 MP: 5/5
   463 | D:1      | Found Nyckybucs's Assorted Antiques.
   529 | D:$      | Got out of the dungeon alive.

Illustrated notes

Levels and vault maps discovered:
D:1:      mrwooster_arrival_statue_3, layout_rooms, serial_shops,
          nicolae_shop_behind_doors

Action                   || total
-------------------------++-------
Melee: Unarmed           ||     5
       Spear             ||     5
 Cast: Freeze            ||     7
 Stab: Sleeping          ||     3
Armor: Robe              ||     2
Dodge: Dodged            ||     4
